 Dungeon Crawl Stone Soup version 0.28.0-49-g6dfe1f597d (webtiles) character file.

Game seed: 17769489854001993609

98690 pkoi the Arsonist (level 15, -1/113 HPs)
             Began as a Demigod Conjurer on May 12, 2022.
             Slain by a white very ugly thing (17 damage)
             ... in an ice cave.
             The game lasted 01:10:51 (33944 turns).

pkoi the Arsonist (Demigod Conjurer)               Turns: 33944, Time: 01:10:52

Health: -1/113     AC: 19    Str:  8    XL:     15   Next: 31%
Magic:  34/50      EV: 14    Int: 44    God:
Gold:   1696       SH:  0    Dex: 16    Spells: 8/32 levels left

rFire   . . .      SeeInvis +   b - +8 frozen axe "Frostbite" {freezing cloud, *Noise Fly rC+}
rCold   + . .      Faith    .   (shield currently unavailable)
rNeg    + . .      Spirit   .   c - +5 Cigotuvi's embrace {rMiasma Drain rN+}
rPois   .          Reflect  .   h - +2 helmet
rElec   .          Harm     .   X - +2 cloak of the Thief {*Fog Slay-2 SInv Stlth+}
rCorr   .          Rampage  .   x - +0 pair of gloves
Will    +....                   E - +2 pair of boots
Stlth   +++.......              i - amulet of magic regeneration
HPRegen 0.28/turn               g - ring of magical power
MPRegen 0.72/turn               W - ring "Byroygekh" {MP+9 Int+4 Dex+4}

@: flying, very slightly contaminated
A: high MP 1, forlorn, divine attributes
a: no special abilities


You were in an ice cave.
You visited 3 branches of the dungeon, and saw 22 of its levels.
You also visited: Gauntlet and Ice Cave.

You collected 1696 gold pieces.

Inventory:

Hand Weapons
 b - the +8 frozen axe "Frostbite" (weapon) {freezing cloud, *Noise Fly rC+}
   (You found it on level 9 of the Dungeon)

   It freezes those it strikes, dealing additional cold damage.
   It can also slow down cold-blooded creatures.
   It occasionally leaves clouds of freezing vapour upon striking a foe.
   It grants immunity to clouds of freezing vapour.
   rC:        It protects you from cold.
   Fly:       It grants you flight.
   *Noise:    It may make noises in combat.
Missiles
 s - a throwing net
Armour
 c - the +5 Cigotuvi's embrace (worn) {rMiasma Drain rN+}
   (You found it on level 4 of the Lair of Beasts)

   It gathers nearby corpses to temporarily increase the armour it provides.
   It protects you from foul pestilence.
   rN:        It protects you from negative energy.
   Drain:     It drains your maximum health when unequipped.
 h - a +2 helmet (worn)
 x - a +0 pair of gloves (worn)
 E - a +2 pair of boots (worn)
 X - the +2 cloak of the Thief (worn) {*Fog Slay-2 SInv Stlth+}
   (You found it in a Gauntlet)

   It may release a thick cloud of smoke when the wearer is hurt.
   Slay:      It affects your accuracy & damage with ranged weapons and melee
   (-2).
   SInv:      It lets you see invisible.
   Stlth:     It makes you more stealthy.
Magical Staves
 a - a staff of conjuration
Jewellery
 f - a ring of flight
 g - a ring of magical power (left hand)
 i - an amulet of magic regeneration (around neck)
 t - a ring of poison resistance
 B - a +4 ring of evasion
 M - a ring of willpower
 R - a ring of protection from cold
 W - the ring "Byroygekh" (right hand) {MP+9 Int+4 Dex+4}
   (You found it in a Gauntlet)

   [ring of magical power]

   Int:       It affects your intelligence (+4).
   Dex:       It affects your dexterity (+4).
   MP:        It affects your magic capacity (+9).
Wands
 o - a wand of acid (11)
 p - a wand of iceblast (23)
 q - a wand of flame (34)
 y - a wand of paralysis (18)
 A - a wand of mindburst (18)
 D - a wand of digging (3)
 L - a wand of polymorph (14)
 N - a wand of charming (10)
Scrolls
 e - 4 scrolls of amnesia
 k - 6 scrolls of teleportation
 l - 3 scrolls of identify
 m - 2 scrolls of enchant armour
 n - 2 scrolls of silence
 r - 2 scrolls of acquirement
 u - 3 scrolls of magic mapping
 C - 8 scrolls of fear
 I - 4 scrolls of blinking
 J - a scroll of enchant weapon
 S - a scroll of holy word
 T - 2 scrolls of fog
Potions
 d - 15 potions of curing
 v - 4 potions of might
 w - 2 potions of berserk rage
 z - a potion of magic
 F - 4 potions of cancellation
 G - 4 potions of haste
 H - 9 potions of flight
 K - 2 potions of invisibility
 O - a potion of heal wounds
 P - a potion of brilliance


   Skills:
 - Level 5.0 Fighting
 - Level 11.3 Axes
 - Level 3.8 Staves
 - Level 6.1 Armour
 - Level 6.0 Dodging
 - Level 1.7 Stealth
 - Level 9.0 Spellcasting
 - Level 12.0 Conjurations
 - Level 5.3 Hexes
 - Level 5.3 Translocations
 + Level 13.9 Fire Magic
 - Level 2.1 Evocations


You had 8 spell levels left.
You knew the following spells:

 Your Spells              Type           Power      Damage    Failure   Level
a - Magic Dart            Conj           100%       1d8       0%          1
b - Searing Ray           Conj           100%       2d8       1%          2
c - Iskenderun's Mystic   Conj/Tloc      77%        2d15      1%          4
d - Fulminant Prism       Conj/Hex       38%        3d18      1%          4
e - Blink                 Tloc           100%       N/A       1%          2
f - Fireball              Conj/Fire      46%        3d18      1%          5
g - Starburst             Conj/Fire      46%        6d13      1%          6

Your spell library contained the following spells:

 Spells                   Type           Power      Damage    Failure   Level
 Scorch                   Fire           100%       2d10      0%          2
 Animate Skeleton         Necr           38%        N/A       1%          1
 Pain                     Necr           76%        1d7       1%          1
 Shock                    Conj/Air       100%       1d9       1%          1
 Dazzling Flash           Conj/Hex       100%       N/A       1%          3
 Gell's Gravitas          Tloc           61%        N/A       1%          3
 Lesser Beckoning         Tloc           61%        N/A       1%          3
 Teleport Other           Tloc           61%        N/A       1%          3
 Flame Wave               Conj/Fire      93%        2d16      1%          4
 Corpse Rot               Necr/Air       38%        N/A       3%          2
 Poisonous Vapours        Pois/Air       38%        N/A       3%          2
 Sublimation of Blood     Necr           19%        N/A       3%          2
 Irradiate                Conj/Tmut      32%        3d24      4%          5
 Ozocubu's Armour         Ice            19%        N/A       6%          3
 Swiftness                Air            19%        N/A       6%          3
 Vampiric Draining        Necr           19%        2d7       6%          3
 Manifold Assault         Tloc           61%        N/A       6%          5
 Leda's Liquefaction      Hex/Erth       21%        N/A       7%          4
 Airstrike                Air            9%         N/A       21%         4
 Petrify                  Tmut/Erth      19%        N/A       21%         4
 Ignition                 Fire           48%        3d14      41%         8
 Lee's Rapid Deconstruct  Erth           9%         3d8*      50%         5
 Statue Form              Tmut/Erth      12%        N/A       97%         6
 Summon Cactus Giant      Summ           9%         N/A       97%         6
 Ozocubu's Refrigeration  Ice            9%         4d6       100%        7


Dungeon Overview and Level Annotations

Branches:
Dungeon (15/15)            Temple (0/1) D:6            Lair (6/6) D:10
  Swamp (1/4) Lair:2       Spider (0/4) Lair:4        Slime (0/5) Lair:5
    Orc (0/2) D:10         Vaults (0/5) D:14          IceCv (1/1)
Gauntlet (visited)
 Depths: D:15

Shops:
D:2 *   D:11 [

Annotations:
IceCv 1 transporter, exclusion: orange crystal statue


Innate Abilities, Weirdness & Mutations

You have an increased reservoir of magic. (+10% MP)
You shall have no god before yourself.
Your divine heritage dramatically boosts your attributes as you level up.


Message History

The freezing wraith is burned terribly!
You destroy the freezing wraith!
The bolt of fire hits the white very ugly thing!!!
The white very ugly thing is heavily wounded.
The bolt of fire hits the harpy simulacrum!!!!
The harpy simulacrum melts!
The harpy simulacrum vaporises!
You hear a sizzling sound!
A chunk of your corpse armour falls away.
The freezing wraith hits you.
* * * LOW HITPOINT WARNING * * *
The freezing wraith freezes you. You resist.
* * * LOW HITPOINT WARNING * * *
The freezing wraith closely misses you.
The white very ugly thing trunk-slaps you.
* * * LOW HITPOINT WARNING * * *
The white very ugly thing freezes you!! You resist.
* * * LOW HITPOINT WARNING * * *
With a swish of your cloak, you release a cloud of fog.
Casting: Starburst (dangerous; 1% risk of failure)
Confirm with . or Enter, or press ? or * to list all spells.
Casting: Starburst (dangerous; 1% risk of failure)
Press: ? - help, Dir - look around, f - activate The bolt of fire hits the anaconda simulacrum!!!
The anaconda simulacrum melts!
The anaconda simulacrum vaporises!
The bolt of fire hits the white very ugly thing!!!
The white very ugly thing is almost dead.
The bolt of fire hits the freezing wraith!!!!
The freezing wraith is burned terribly!
You destroy the freezing wraith!
The freezing wraith dissolves into shadows!
The bolt of fire hits the freezing wraith!!!
The freezing wraith is burned terribly!
You destroy the freezing wraith!
The white very ugly thing trunk-slaps you!
* * * LOW HITPOINT WARNING * * *
With a swish of your cloak, you release a cloud of fog.
The white very ugly thing freezes you! You resist.
You die...

##...........##
#.............#
#....8...8....#
#.............#
##....[.(....##
#...[.©.....#
##...8©8...##
###########
#8§§@§.8#
#8.§§u§§.8#
#8..§§§§...8#
#.....))).....#
#∩...)$8)?...©#
###############


You could see a white very ugly thing.

Vanquished Creatures
  Kirke (D:12)
  A very ugly thing (IceCv)
  An eleionoma (Swamp:1)
  A minotaur (Gauntlet)
  A fire dragon (D:10)
  Fannar (D:12)
  A caustic shrike simulacrum (IceCv)
  6 hydras
  A rakshasa (D:14)
  5 boulder beetles
  2 catoblepae
  4 vault guards (D:14)
  2 centaur warriors
  A death knight (D:13)
  Erolcha (D:12)
  3 alligators (Swamp:1)
  4 tengu warriors (D:14)
  9 death yaks
  A hell hog (Gauntlet)
  2 two-headed ogres
  A bog body (Swamp:1)
  3 spriggan simulacra (Swamp:1)
  A deep elf pyromancer (D:15)
  16 ugly things
  3 cyclopes (D:14)
  2 manticores
  5 elephants (Lair:6)
  4 black mambas
  26 cane toads
  5 gargoyles
  An eye of devastation (Gauntlet)
  A rime drake (shapeshifter) (D:14)
  A rime drake (Lair:3)
  8 komodo dragons
  A demonic crawler (Lair:1)
  An anaconda simulacrum (Swamp:1)
  3 ice devils (D:9)
  4 freezing wraiths
  3 trolls
  2 polar bears
  6 tyrant leeches
  A wolf spider simulacrum (D:15)
  2 hornets
  8 slime creatures
  46 blink frogs
  2 jumping spiders (Lair:4)
  2 culicivoras (Lair:4)
  Sigmund (D:5)
  3 vampires
  7 spriggans
  4 water elementals (D:12)
  28 yaks
  5 shadows
  3 hogs (D:12)
  5 wyverns
  Eustachio (D:4)
  3 wraiths
  3 fire bats (Gauntlet)
  8 basilisks
  7 humans (D:14)
  2 dire elephant simulacra (IceCv)
  2 redbacks (Lair:4)
  A steam dragon (D:10)
  4 harpy simulacra
  16 vampire mosquitoes
  The ghost of KittyFluff the Skirmisher, an amateur GrBe of Trog (D:4)
  8 swamp worms
  2 two-headed ogre zombies (D:10)
  17 water moccasins
  3 hell hounds (Gauntlet)
  A hydra simulacrum (IceCv)
  2 acid dragons
  A floating eye (Gauntlet)
  2 sky beasts
  13 orc warriors
  3 ice beasts
  A necrophage (D:6)
  3 alligator simulacra (Swamp:1)
  An ogre (D:13)
  39 wolves
  2 phantoms
  10 centaurs
  A kobold brigand (D:9)
  19 bullfrogs
  A gnoll sergeant (D:10)
  3 scorpions
  A water moccasin zombie (D:5)
  2 water moccasin skeletons
  A lindwurm simulacrum (IceCv)
  7 wights
  12 howler monkeys
  7 electric eels
  A bullfrog zombie (D:7)
  2 centaur zombies
  3 hounds
  A jelly (D:4)
  5 orc priests
  Ijyb (D:4)
  4 iguanas
  Natasha (thrice) (D:4)
  9 orc wizards
  A killer bee zombie (D:8)
  6 ogre zombies (D:10)
  A hound skeleton (D:4)
  7 gnolls
  A howler monkey skeleton (D:4)
  4 adders
  2 shadow imps (D:7)
  8 white imps
  An ufetubus (D:4)
  An adder skeleton (D:4)
  3 worms (D:3)
  4 dart slugs
  50 orcs
  4 bats
  6 endoplasms
  7 giant cockroaches
  7 goblins
  6 hobgoblins
  9 kobolds
  3 quokkas
  9 ball pythons
  3 frilled lizards
  2 goblin skeletons (D:10)
  3 goblin zombies (D:10)
  4 hobgoblin skeletons (D:10)
  3 hobgoblin zombies (D:10)
  3 orc skeletons (D:10)
  10 orc zombies (D:10)
  4 rats
673 creatures vanquished.

Vanquished Creatures (others)
  A shadow (D:11)
  2 humans
  155 fulminant prisms
  63 fungi
  197 plants
  A withered plant (D:15)
419 creatures vanquished.

Grand Total: 1092 creatures vanquished

Notes
Turn   | Place    | Note
-------+----------+-------------------------------------------
     0 | D:1      | pkoi the Demigod Conjurer began the quest for the Orb.
     0 | D:1      | Reached XP level 1. HP: 14/14 MP: 5/5
   555 | D:1      | Reached XP level 2. HP: 20/20 MP: 5/7
  1351 | D:2      | Found Othruf's General Store.
  1372 | D:2      | Reached XP level 3. HP: 23/26 MP: 1/8
  2043 | D:2      | Reached skill level 5 in Conjurations
  2425 | D:2      | Learned a level 2 spell: Searing Ray
  2548 | D:3      | Reached XP level 4. HP: 28/33 MP: 9/9
  2553 | D:3      | Identified the +7 quarterstaff of Welfare {vorpal, rPois
                  | rC+}
  2836 | D:3      | Identified the +9 whip "Danalo" {holy, rF+ rC+ Int+3}
  2931 | D:3      | Reached skill level 1 in Staves
  3397 | D:4      | Reached XP level 5. HP: 38/38 MP: 10/10
  3469 | D:4      | Noticed Natasha
  3475 | D:4      | Killed Natasha
  3523 | D:4      | Noticed Ijyb
  3531 | D:4      | Killed Ijyb
  3598 | D:4      | Noticed Natasha
  3603 | D:4      | Killed Natasha
  3614 | D:4      | Noticed Natasha
  3621 | D:4      | Killed Natasha
  3757 | D:4      | Found a large runed translucent door.
  3758 | D:4      | Found a large runed translucent door.
  3797 | D:4      | Noticed Eustachio
  3817 | D:4      | Killed Eustachio
  3818 | D:4      | Reached XP level 6. HP: 37/45 MP: 11/11
  3903 | D:4      | Learned a level 4 spell: Iskenderun's Mystic Blast
  4449 | D:4      | Noticed KittyFluff's ghost (amateur GrBe)
  4705 | D:5      | Entered Level 5 of the Dungeon
  4714 | D:5      | Reached XP level 7. HP: 50/50 MP: 13/13
  4924 | D:5      | Reached skill level 1 in Translocations
  4995 | D:5      | Noticed Sigmund
  5062 | D:5      | Killed Sigmund
  5071 | D:5      | Learned a level 4 spell: Fulminant Prism
  5549 | D:5      | Reached skill level 1 in Fighting
  5602 | D:5      | HP: 2/52 [orc priest/divine providence (12)]
  5611 | D:5      | Reached skill level 1 in Armour
  5611 | D:5      | Reached skill level 1 in Hexes
  5611 | D:5      | Reached XP level 8. HP: 11/59 MP: 15/15
  6315 | D:6      | Identified the +3 leather armour "Xuskuff" {Int+2}
  6425 | D:6      | Learned a level 2 spell: Blink
  6759 | D:6      | Found a staircase to the Ecumenical Temple.
  7424 | D:7      | Reached skill level 5 in Armour
  8255 | D:8      | Reached XP level 9. HP: 67/67 MP: 17/17
 10318 | D:9      | Noticed a freezing wraith
 10328 | D:9      | Killed a freezing wraith
 10329 | D:9      | Reached skill level 5 in Spellcasting
 10427 | D:9      | Noticed an ice devil
 10437 | D:9      | Killed an ice devil
 10438 | D:9      | Reached XP level 10. HP: 77/77 MP: 15/21
 10772 | D:9      | Found the +8 frozen axe "Frostbite" {freezing cloud, *Noise
                  | Fly rC+}
 11116 | D:9      | Reached skill level 1 in Axes
 11344 | D:9      | Reached skill level 10 in Conjurations
 11705 | D:10     | Entered Level 10 of the Dungeon
 11712 | D:10     | Learned a level 5 spell: Fireball
 11823 | D:10     | Reached skill level 1 in Fire Magic
 12686 | D:10     | Noticed a four-headed hydra
 12887 | D:10     | Noticed a red ugly thing
 12899 | D:10     | Killed a red ugly thing
 12900 | D:10     | Reached skill level 2 in Fire Magic
 13145 | D:10     | Killed a four-headed hydra
 13146 | D:10     | Reached XP level 11. HP: 82/82 MP: 12/24
 13284 | D:10     | Reached skill level 3 in Fire Magic
 13965 | D:10     | Found a staircase to the Orcish Mines.
 14150 | D:10     | Found a staircase to the Lair.
 14513 | D:10     | Noticed a fire dragon
 14541 | D:10     | Killed a fire dragon
 14542 | D:10     | Reached skill level 4 in Fire Magic
 14880 | D:11     | Found Vuijouc's Armour Boutique.
 14954 | D:11     | Noticed a boulder beetle
 14964 | D:11     | Killed a boulder beetle
 14965 | D:11     | Reached skill level 5 in Axes
 15523 | D:11     | Noticed a five-headed hydra
 15529 | D:11     | Killed a five-headed hydra
 15858 | D:11     | You are sucked into a shaft and drop 1 floor!
 15870 | D:12     | Reached skill level 5 in Fire Magic
 15953 | D:12     | Noticed Fannar
 15954 | D:12     | Noticed Erolcha
 15959 | D:12     | Killed Fannar
 15960 | D:12     | Noticed Kirke
 15968 | D:12     | Killed Erolcha
 15974 | D:12     | Noticed a lindwurm
 16938 | D:12     | Noticed a two-headed ogre
 17112 | D:12     | Killed a two-headed ogre
 17241 | D:12     | Learned a level 6 spell: Starburst
 17339 | D:12     | Killed Kirke
 17340 | D:12     | Reached XP level 12. HP: 91/91 MP: 10/27
 18335 | Lair:1   | Entered Level 1 of the Lair of Beasts
 18455 | Lair:1   | Reached skill level 6 in Fire Magic
 18497 | Lair:1   | Reached skill level 5 in Dodging
 18563 | Lair:1   | You are sucked into a shaft and drop 1 floor!
 18672 | Lair:2   | Noticed a five-headed hydra
 18684 | Lair:2   | Killed a five-headed hydra
 19000 | Lair:2   | Noticed an eight-headed hydra
 19006 | Lair:2   | Killed an eight-headed hydra
 19221 | Lair:2   | Reached skill level 7 in Fire Magic
 20457 | Lair:2   | Reached skill level 5 in Fighting
 20671 | Lair:2   | Found a staircase to the Swamp.
 21283 | Lair:3   | Reached XP level 13. HP: 85/100 MP: 7/29
 21642 | Lair:3   | Reached skill level 8 in Fire Magic
 22595 | Lair:3   | Identified a scroll of acquirement
 23766 | Lair:4   | Found a gate leading to a gauntlet.
 23784 | Gauntlet | Entered a Gauntlet
 23784 | Gauntlet | Found a transporter.
 23784 | Gauntlet | Found a transporter.
 23913 | Gauntlet | Found a transporter.
 23913 | Gauntlet | Found a transporter.
 23916 | Gauntlet | Found a transporter.
 23916 | Gauntlet | Found a transporter.
 23918 | Gauntlet | Found the +2 cloak of the Thief {*Fog Slay-2 SInv Stlth+}
 23926 | Gauntlet | Found a transporter.
 23930 | Gauntlet | Found a transporter.
 23940 | Gauntlet | Found a transporter.
 23946 | Gauntlet | Found a transporter.
 23964 | Gauntlet | Found a transporter.
 23968 | Gauntlet | Found a transporter.
 24168 | Gauntlet | Reached skill level 9 in Fire Magic
 24409 | Gauntlet | Noticed a minotaur
 24419 | Gauntlet | Killed a minotaur
 24430 | Gauntlet | Identified the ring "Byroygekh" {MP+9 Int+4 Dex+4}
 24729 | Lair:4   | Found the +4 Cigotuvi's embrace {rMiasma Drain rN+}
 24984 | Lair:4   | Found a hole to the Spider Nest.
 26143 | Lair:5   | Found a staircase to the Slime Pits.
 26570 | Lair:6   | Entered Level 6 of the Lair of Beasts
 26600 | Lair:6   | Reached XP level 14. HP: 107/107 MP: 30/31
 26603 | Lair:6   | Reached skill level 10 in Axes
 26683 | Lair:6   | Reached skill level 10 in Fire Magic
 30192 | D:13     | Identified the +3 leather armour "Hero's Friend" {rC+
                  | Dex+2}
 30338 | D:13     | Reached skill level 5 in Hexes
 30665 | D:13     | Reached skill level 1 in Evocations
 30668 | D:13     | Reached skill level 5 in Translocations
 31195 | D:14     | Reached skill level 11 in Fire Magic
 31373 | D:14     | Found a gate to the Vaults.
 32518 | D:14     | Reached skill level 12 in Fire Magic
 32733 | D:15     | Entered Level 15 of the Dungeon
 32927 | D:15     | Reached XP level 15. HP: 91/113 MP: 32/32
 33497 | D:4      | Killed KittyFluff's ghost
 33676 | Swamp:1  | Entered Level 1 of the Swamp
 33691 | Swamp:1  | Reached skill level 13 in Fire Magic
 33816 | Swamp:1  | Found a frozen archway.
 33830 | IceCv    | Entered an ice cave
 33831 | IceCv    | Found a transporter.
 33850 | IceCv    | Found a transporter.
 33944 | IceCv    | Slain by a white very ugly thing

Illustrated notes

Levels and vault maps discovered:
D:1:      shiori_shiawase, layout_rooms, chequers_ecumenical_altar_grove
D:2:      layout_basic, serial_shops, nicolae_shop_trees
D:3:      layout_basic
D:4:      layout_cave_pools, ebering_ghost_disaster_area, uniq_ijyb,
          uniq_natasha, uniq_eustachio
D:5:      layout_basic, grunt_qazlal_clouds, hangedman_decor_points,
          kennysheep_dice, uniq_sigmund
D:6:      layout_cave_pools, minmay_temple_entry_purple_smoke
D:7:      layout_layer_cave
D:8:      layout_rooms, kennysheep_decorative_pillar, minivault_22
D:9:      layout_grid_maze, hellmonk_guarded_unrand_frostbite
D:10:     dragon1_lemuel, layout_gridville, david_lair_shrubbed,
          zombieorc2_lemuel, dk_noncrumbling_4, hangedman_decor_riveting,
          minmay_ruined_shrine
D:11:     lemuel_flame_loot_2, layout_basic, serial_shops,
          nicolae_stop_n_shop_2, evilmike_ruin_ashenzari
D:12:     erik_rubicon_a, layout_rooms, uniq_kirke, uniq_fannar, uniq_erolcha
D:13:     layout_long_grid, special_room [special_room_orc],
          nicolae_uskayaw_suspiria
D:14:     layout_roguey, ximxim_vaults_locker_room
D:15:     gammafunk_depths_entry_grave, layout_small_grid
Lair:1:   layout_gridlike, worms_lemuel
Lair:2:   layout_regular_city, minmay_swamp_entry_worms
Lair:3:   layout_loops_ring, hangedman_lair_unloving_vines,
          kennysheep_basilisk_garden
Lair:4:   layout_regular_city, nicolae_spider_entry_tight_spaces,
          gauntlet_entry_generic
Lair:5:   layout_big_grid, slime_altar_1, grunt_forest_large_clearings
Lair:6:   minmay_lair_end_frog_pond, layout_cave_pods, serial_bayou_ford_a,
          wad_woods_01
Swamp:1:  layout_basic_swamp, portal_ice_cave_entry_ice_simulacra,
          serial_swamp_ruin, evilmike_swamp_ruin_house_2,
          evilmike_swamp_ruin_house_3
IceCv:    ice_cave_statue_garden_transporter

Skill      XL: |  1  2  3  4  5  6  7  8  9 10 11 12 13 14 15 |
---------------+----------------------------------------------+-----
Conjurations   | 4 5 6 7 8 9 10 11 12 | 12.0
Staves         | 1 2 3 |  3.8
Spellcasting   | 2 3 5 6 7 8 9 |  9.0
Translocations | 2 3 5 |  5.3
Dodging        | 2 4 5 6 |  6.0
Fighting       | 1 2 3 4 5 |  5.0
Armour         | 1 5 6 |  6.1
Hexes          | 1 3 5 |  5.3
Axes           | 4 5 7 9 11 | 11.3
Fire Magic     | 2 5 7 9 12 13 | 13.9
Evocations     | 2 |  2.1
Stealth        | |  1.7

Action                   |  1- 3 |  4- 6 |  7- 9 | 10-12 | 13-15 || total
-------------------------+-------+-------+-------+-------+-------++-------
Melee: Unarmed           |     1 |       |       |     3 |       ||     4
       Quarterstaff      |       |       |     5 |     6 |       ||    11
       Whip              |       |       |    17 |    10 |       ||    27
       Executioner's axe |       |       |       |       |    36 ||    36
       Staff             |       |       |       |       |    11 ||    11
       Punch             |       |       |       |       |     1 ||     1
 Cast: Magic Dart        |    99 |   134 |   158 |   119 |    20 ||   530
       Searing Ray       |     1 |    11 |    17 |     1 |     1 ||    31
       Iskenderun's Myst |       |       |    30 |   167 |    94 ||   291
       Fulminant Prism   |       |       |    20 |    90 |    45 ||   155
       Fireball          |       |       |       |    49 |   109 ||   158
       Starburst         |       |       |       |       |   139 ||   139
  Use: Scroll            |       |     5 |     7 |     9 |     7 ||    28
       Potion            |       |       |     3 |       |     1 ||     4
 Stab: Sleeping          |       |       |     1 |       |       ||     1
Armor: Robe              |     2 |     1 |    13 |       |       ||    16
       Leather armour    |       |       |    27 |    21 |   136 ||   184
Dodge: Dodged            |    11 |     4 |    44 |    48 |   145 ||   252
